 Dungeon Crawl Stone Soup version 0.21.0-25-ge575cb9 (webtiles) character file.

239582 Moloch the Hoplite (level 19, -46/174 HPs)
             Began as a Hill Orc Fighter on Jan 24, 2018.
             Was a Priest of Qazlal.
             Smitten by Beogh (83 damage)
             ... on level 3 of the Vaults.
             The game lasted 01:41:07 (39096 turns).

Moloch the Hoplite (Hill Orc Fighter)              Turns: 39096, Time: 01:41:08

Health: -46/174    AC: 18    Str: 26    XL:     19   Next: 75%
Magic:  20/20      EV:  7    Int:  9    God:    Qazlal [***...]
Gold:   2333       SH: 32    Dex: 19    Spells: 18/18 levels left

rFire    + . .     SeeInvis .   P - +9 trident "Late Gui" {protect, rPois rF+ rC-}
rCold    . . .     Gourm    .   O - +0 large shield
rNeg     . . .     Faith    .   Z - +3 chain mail {rF+}
rPois    +         Spirit   .   (no helmet)
rElec    +         Reflect  +   N - +2 cloak of the Trilobite {rCorr Int+4}
rCorr    +         Harm     .   S - +0 pair of gloves
MR       ++...                  (no boots)
Stlth    ..........             W - +5 amulet of reflection
HPRegen  0.39/turn              J - ring "Geafety" {rElec MR+ Int-3 Dex+8}
MPRegen  0.17/turn              k - ring of ice

@: heavily drained
A: no striking features
}: 1/15 runes: serpentine
a: Upheaval, Elemental Force, Renounce Religion


You were on level 3 of the Vaults.
You worshipped Qazlal.
Qazlal was most pleased with you.
You were hungry.

You visited 7 branches of the dungeon, and saw 32 of its levels.
You also visited: Labyrinth and Volcano.

You collected 3057 gold pieces.
You spent 724 gold pieces at shops.

Inventory:

Hand Weapons
 a - a +1 trident
 r - a +0 glaive of freezing
 P - the +9 trident "Late Gui" (weapon) {protect, rPois rF+ rC-}
   (You bought it in a shop on level 12 of the Dungeon)

   It protects the one who uses it against injury (+AC on strike).
   It protects you from fire.
   It makes you vulnerable to cold.
   It protects you from poison.
Missiles
 x - 3 throwing nets (quivered)
 G - 5 javelins of returning
Armour
 s - the +0 helmet "Ytyl" {+Fly rF+ rC-}
   (You took it off Robin on level 3 of the Dungeon)

   It protects you from fire.
   It makes you vulnerable to cold.
   It lets you fly.
 N - the +2 cloak of the Trilobite (worn) {rCorr Int+4}
   (You found it in a labyrinth)

   It affects your intelligence (+4).
   It protects you from acid and corrosion.
 O - a +0 large shield (worn)
 S - a +0 pair of gloves (worn)
 Z - a +3 chain mail of fire resistance (worn)
Jewellery
 c - a +3 ring of evasion
 k - a ring of ice (right hand)
 l - an uncursed ring of fire
 I - an uncursed ring of see invisible
 J - the ring "Geafety" (left hand) {rElec MR+ Int-3 Dex+8}
   (You found it on level 10 of the Dungeon)

   [ring of protection from magic]

   It affects your intelligence (-3).
   It affects your dexterity (+8).
   It insulates you from electricity.
   It affects your resistance to hostile enchantments.
 K - an uncursed ring of fire
 Q - an uncursed ring of poison resistance
 W - a +5 amulet of reflection (around neck)
Wands
 w - a wand of digging (28)
 C - a wand of paralysis (12)
Scrolls
 h - 18 scrolls of teleportation
 i - 7 scrolls of fog
 j - 2 scrolls of magic mapping
 n - 9 scrolls of immolation
 p - 7 scrolls of amnesia
 q - 7 scrolls of fear
 u - 9 scrolls of enchant weapon
 y - 12 scrolls of remove curse
 A - 3 scrolls of identify
 B - 3 scrolls of random uselessness {unknown}
 D - 9 scrolls of blinking {unknown}
 F - a scroll of vulnerability {unknown}
 H - 6 scrolls of enchant armour {unknown}
Potions
 b - a potion of flight
 d - 10 potions of might
 e - 3 potions of resistance
 g - 3 potions of heal wounds
 o - 7 potions of ambrosia
 t - 3 potions of haste
 v - 6 potions of brilliance
 z - 4 potions of lignification
 E - 8 potions of curing
 R - a potion of berserk rage
 T - a potion of agility
 V - 3 potions of magic
Books
 m - a book of the Sky

   Spells                             Type                      Level
   a - Summon Lightning Spire         Summoning/Air                4
   b - Silence                        Hexes/Air                    5
   c - Deflect Missiles               Charms/Air                   6
   d - Conjure Ball Lightning         Conjuration/Air              6
   e - Tornado                        Air                          9
 X - a book of Maledictions

   Spells                             Type                      Level
   a - Corona                         Hexes                        1
   b - Ensorcelled Hibernation        Hexes/Ice                    2
   c - Confuse                        Hexes                        3
   d - Tukima's Dance                 Hexes                        3
   e - Dazzling Spray                 Conjuration/Hexes            3
Miscellaneous
 U - a phantom mirror
 Y - a crystal ball of energy
Comestibles
 f - 46 rations
 L - 9 chunks of flesh


   Skills:
 + Level 16.6(12.9) Fighting
 * Level 21.6(17.5) Polearms
 + Level 11.4(8.1) Armour
 - Level 2.6(0.0) Dodging
 + Level 21.9(17.8) Shields
 - Level 1.5(0.0) Evocations


You had 18 spell levels left.
You didn't know any spells.

Dungeon Overview and Level Annotations

Branches:
Dungeon (15/15)            Temple (1/1) D:4            Lair (6/6) D:10
 Shoals (0/4) Lair:2        Snake (4/4) Lair:4        Slime (0/5) Lair:5
    Orc (2/2) D:12            Elf (1/3) Orc:2        Vaults (3/5) D:14
  Crypt (0/3) Vaults:2     Depths (0/5) D:15

Altars:
Ashenzari
Cheibriados
Dithmenos
Elyvilon
Fedhas
Gozag
Hepliaklqana
Kikubaaqudgha
Makhleb
Nemelex Xobeh
Okawaru
Qazlal
Ru
Sif Muna
Trog
Uskayaw
Vehumet
Wu Jian
Xom
Yredelemnul
Zin
The Shining One
Jiyva

Shops:
D:12 (   Orc:2 [:(   Vaults:1 ?

Portals:
Trove: Vaults:1 (give 7 potions of agility)

Annotations:
D:12 Zorot's ghost, journeyman TrMo


Message History

The yaktaur wields an arbalest.
The yaktaur shoots a bolt.
You reflect the bolt off an invisible shield around you!
The bolt hits the yaktaur.
Unknown command.
You hear a shout!
The yaktaur shoots a bolt.
The bolt hits you.
* * * LOW HITPOINT WARNING * * *
You see here a bolt.
The lost soul fades away!
The deep elf knight is no longer moving quickly.
The deep elf knight gestures at you while chanting.
The stone arrow reflects off an invisible shield around you!
The stone arrow misses the deep elf knight.
The deep elf knight wields a shortbow.
The deep elf knight shoots an arrow.
You reflect the arrow off an invisible shield around you!
The arrow hits the large abomination but does no damage.
The large abomination is engulfed in blazing flames.
The large abomination is engulfed in blazing flames.
Beogh smites you!
You die...

..)#...#.######## #....# #.
#'###)##c# +....# #. ...#...#.#
#....########. ..)'...#c#
#............. ...#...#.#
#............. ########e#
#............. ........#
#.............
........###########.............
........cc.§.§X@................
...........e....§...............
################################


You could see a deep elf knight, a large abomination and 2 yaktaurs.

Vanquished Creatures
  Rupert (D:13)
  2 sphinxes
  Kirke (Snake:3)
  6 nagarajas
  5 orc warlords
  A frost giant (Vaults:3)
  Aizul (Snake:4)
  3 vault wardens
  8 ironheart preservers
  2 very ugly things (Vaults:2)
  3 stone giants
  An entropy weaver (Vaults:2)
  A deep elf death mage (Vaults:2)
  A minotaur (Lab)
  A fire dragon (Vaults:2)
  6 ogre magi
  4 slime creatures
  A great orb of eyes (Vaults:2)
  3 yaktaur captains
  5 hydras
  9 vault guards
  11 naga warriors
  A catoblepas (Lair:6)
  The ghost of Zorot the Fighter, a novice NaMo of Cheibriados (D:8)
  A death knight (Vaults:2)
  8 centaur warriors
  2 alligators (Snake:2)
  4 dancing weapons
  9 anacondas
  15 two-headed ogres
  A deep troll earth mage (Vaults:1)
  A deep troll shaman (Vaults:1)
  6 shock serpents (Snake:4)
  15 naga sharpshooters
  A soul eater (Vaults:2)
  A hell knight (Volcano)
  2 shadow wraiths (Vaults:2)
  2 deep elf knights (Vaults:2)
  3 unseen horrors
  6 sea snakes (Snake:4)
  4 deep trolls (Vaults:1)
  A deep elf archer (Vaults:1)
  An orange crystal statue (Orc:1)
  5 naga ritualists
  2 glowing orange brains (Vaults:2)
  4 wizards
  4 harpies (Vaults:2)
  5 orc knights
  5 ironbrand convokers
  A necromancer (Vaults:2)
  3 wolf spiders
  4 orc sorcerers
  8 mana vipers
  12 ugly things
  7 deep elf magi
  A manticore (D:14)
  A tengu skeleton (Vaults:2)
  4 cyclopes
  4 salamanders
  2 centaur zombies
  22 black mambas
  6 elephants
  5 guardian serpents (Snake:4)
  Maurice (D:10)
  4 vault sentinels
  A frost giant skeleton (Vaults:2)
  Psyche (D:11)
  A guardian serpent (shapeshifter) (Vaults:2)
  9 naga magi
  6 spiny frogs
  A rime drake (Lair:3)
  3 freezing wraiths
  4 komodo dragons
  A polar bear (Lair:6)
  10 yaktaurs
  2 jumping spiders (Vaults:2)
  A jumping spider (shapeshifter) (D:15)
  3 trolls
  2 hornets
  8 blink frogs
  A wind drake (shapeshifter) (Vaults:3)
  3 hippogriffs
  4 dream sheep (Lair:5)
  5 hogs
  4 redbacks
  A spriggan (shapeshifter) (Vaults:2)
  A vampire (D:10)
  A tarantella (Vaults:2)
  A human (D:7)
  7 wraiths
  8 wyverns
  30 yaks
  5 hungry ghosts
  8 fire bats (Volcano)
  A vampire mosquito (Snake:2)
  2 human simulacra (Vaults:2)
  Grum (D:11)
  8 wargs
  3 acid dragons
  A swamp worm (Snake:2)
  Duvessa (D:6)
  40 nagas
  10 water moccasins
  2 soldier ants (D:9)
  A floating eye (shapeshifter) (D:15)
  4 porcupines
  37 orc warriors
  2 sky beasts
  3 phantoms
  A necrophage (D:10)
  2 black bears (D:11)
  4 ice beasts
  A boggart (Vaults:1)
  31 ogres
  10 wolves
  15 centaurs
  A crocodile (Lair:1)
  14 bullfrogs
  2 big kobolds
  A wyvern zombie (D:11)
  Dowan (D:6)
  3 scorpions
  8 wights
  2 electric eels (Lair:2)
  7 lava snakes (Volcano)
  3 howler monkeys
  8 crimson imps
  A quasit (D:13)
  2 bullfrog zombies
  16 orc priests
  4 hounds
  2 centaur skeletons
  5 jellies
  12 orc wizards
  6 iguanas
  31 worker ants
  A killer bee zombie (D:5)
  A hound zombie (D:5)
  Robin (D:3)
  A worker ant zombie (D:11)
  3 gnolls (D:7)
  16 adders
  A howler monkey skeleton (D:7)
  2 shadow imps
  An ooze (D:7)
  3 adder skeletons
  An adder zombie (D:5)
  4 worms
  3 dart slugs
  2 leopard geckos
  44 orcs
  A ball python (D:3)
  5 giant cockroaches
  16 hobgoblins
  7 jackals
  21 kobolds
  3 quokkas
  11 bats
  3 frilled lizards
  22 goblins
  5 rats
  A crawling corpse (Vaults:3)
891 creatures vanquished.

Vanquished Creatures (collateral kills)
  Vashnia (Snake:4)
  Donald (Snake:4)
  Agnes (Snake:3)
  6 nagarajas
  An ironheart preserver (Vaults:1)
  Josephine (Lair:5)
  A deep elf death mage (Vaults:1)
  Fannar (Lair:1)
  4 vault guards
  An ogre mage (Volcano)
  5 hydras
  A rakshasa (D:15)
  A catoblepas (D:15)
  18 naga warriors
  2 centaur warriors
  4 two-headed ogres
  6 anacondas
  A queen ant (D:8)
  4 death yaks (Lair:5)
  3 tengu warriors
  2 shock serpents
  11 naga sharpshooters
  2 orc high priests (Orc:2)
  A deep elf knight (Vaults:1)
  2 deep trolls (Vaults:1)
  2 unseen horrors
  2 sea snakes (Snake:4)
  5 naga ritualists
  A deep elf archer (Vaults:1)
  3 orange crystal statues (Orc:1)
  6 orc knights
  An ironbrand convoker (Vaults:1)
  5 mana vipers
  An ugly thing (D:15)
  2 cyclopes
  3 orc sorcerers
  A deep elf mage (D:14)
  2 elephants (Lair:5)
  A moth of wrath (shapeshifter) (D:15)
  5 salamanders
  A cyclops (shapeshifter) (D:15)
  2 manticores (D:15)
  A vault sentinel (Vaults:1)
  A merfolk siren (Lair:2)
  4 guardian serpents
  13 naga magi
  20 black mambas
  8 spiny frogs
  A rime drake (Lair:3)
  3 centaur skeletons
  2 efreet (D:15)
  8 komodo dragons
  4 yaktaurs (Vaults:1)
  2 tengu conjurers
  4 trolls
  2 polar bears
  2 hornets (Lair:6)
  10 blink frogs
  A raiju (shapeshifter) (D:13)
  4 slime creatures
  5 hippogriffs
  3 dream sheep (Lair:5)
  3 redbacks (Lair:6)
  3 wraiths (Lair:5)
  2 vampires
  28 yaks
  A fire bat (Volcano)
  5 wyverns (Lair:6)
  4 hogs (Snake:3)
  A basilisk (Lair:1)
  A hungry ghost (D:14)
  29 nagas
  A soldier ant (D:13)
  4 water moccasins
  2 porcupines
  6 orc warriors (Orc:2)
  2 swamp drakes (Snake:2)
  2 ice beasts (D:15)
  7 boggarts (D:15)
  2 ogres
  5 wolves
  4 crocodiles
  6 centaurs
  2 big kobolds (D:14)
  6 bullfrogs
  A crimson imp (D:15)
  3 orc priests
  3 orc wizards (Orc:2)
  A shadow imp (D:15)
  5 orcs
  5 kobolds (D:14)
  10 fungi
  7 plants
383 creatures vanquished.

Vanquished Creatures (others)
  Nikola (Snake:4)
  3 orc warlords
  An orc high priest (Orc:2)
  2 orc knights
  An orc sorcerer (Orc:2)
  A black mamba (Snake:2)
  4 yaktaurs
  2 slime creatures (D:15)
  A human (Snake:3)
  12 orc warriors
  5 centaurs
  A crocodile (Snake:2)
  8 orc priests
  10 orc wizards
  40 orcs
  12 fungi
  14 plants
118 creatures vanquished.

Grand Total: 1392 creatures vanquished

Notes
Turn   | Place    | Note
-------+----------+-------------------------------------------
     0 | D:1      | Moloch the Hill Orc Fighter began the quest for the Orb.
     0 | D:1      | Reached XP level 1. HP: 19/19 MP: 1/1
   139 | D:1      | Reached XP level 2. HP: 22/27 MP: 2/2
   786 | D:2      | Reached XP level 3. HP: 33/33 MP: 3/3
  1596 | D:2      | Reached XP level 4. HP: 34/41 MP: 4/4
  1825 | D:3      | Noticed Robin
  1944 | D:3      | Killed Robin
  1944 | D:3      | Reached XP level 5. HP: 43/47 MP: 5/5
  1946 | D:3      | Got a steaming helmet
  1952 | D:3      | Identified the +0 helmet "Ytyl" {+Fly rF+ rC-} (You took it off Robin on level 3 of the Dungeon)
  2088 | D:3      | Reached skill level 5 in Polearms
  2288 | D:3      | Found a deep blue altar of Sif Muna.
  2292 | D:3      | Found a basalt altar of Yredelemnul.
  2452 | D:3      | Found a sparkling altar of Nemelex Xobeh.
  2875 | D:4      | Found a shimmering altar of Xom.
  2936 | D:4      | Reached XP level 6. HP: 32/55 MP: 6/6
  3249 | D:4      | Found a staircase to the Ecumenical Temple.
  3259 | Temple   | Entered the Ecumenical Temple
  3493 | D:4      | Reached skill level 5 in Fighting
  3496 | D:4      | Found a bloodstained altar of Trog.
  3656 | D:4      | Got a distressingly furry leather armour
  3667 | D:4      | Identified the cursed +1 leather armour "Culiodor" {Slay+3} (You found it on level 4 of the Dungeon)
  3850 | D:5      | Entered Level 5 of the Dungeon
  3893 | D:5      | Noticed a sky beast
  3966 | D:5      | Killed a sky beast
  3966 | D:5      | Reached XP level 7. HP: 52/61 MP: 7/7
  4704 | D:5      | Found a shattered altar of Ashenzari.
  5011 | D:6      | Reached XP level 8. HP: 69/69 MP: 8/8
  5048 | D:6      | Noticed Dowan
  5049 | D:6      | Noticed Duvessa
  5057 | D:6      | Killed Duvessa
  5070 | D:6      | Killed Dowan
  5621 | D:6      | Reached skill level 10 in Polearms
  5664 | D:6      | Became a worshipper of Beogh the Brigand
  5834 | D:7      | Found a sacrificial altar of Ru.
  6050 | D:7      | Reached XP level 9. HP: 40/75 MP: 4/9
  6275 | D:7      | Noticed a hornet
  6283 | D:7      | Killed a hornet
  6476 | D:7      | Reached * piety under Beogh
  6577 | D:7      | Reached skill level 1 in Evocations
  6620 | D:7      | Killed an unseen horror
  6620 | D:7      | Reached skill level 1 in Dodging
  6620 | D:7      | Reached XP level 10. HP: 53/86 MP: 5/11
  7005 | D:7      | Noticed a cyclops
  7010 | D:7      | Killed a cyclops
  7257 | D:8      | Found a hazy altar of Hepliaklqana.
  7267 | D:8      | Reached skill level 5 in Armour
  7632 | D:8      | Reached ** piety under Beogh
  7785 | D:8      | Noticed a two-headed ogre
  7796 | D:8      | Killed a two-headed ogre
  7906 | D:8      | Noticed Zorot's ghost (novice NaMo)
  8165 | D:8      | Killed Zorot's ghost
  8325 | D:9      | Noticed a queen ant
  8832 | D:9      | Reached XP level 11. HP: 90/95 MP: 10/12
  8913 | D:9      | Noticed a two-headed ogre
  8925 | D:9      | Killed a two-headed ogre
  9396 | D:9      | Reached *** piety under Beogh
  9796 | D:9      | Found a blossoming altar of Fedhas.
 10067 | D:10     | Entered Level 10 of the Dungeon
 10136 | D:10     | Reached skill level 15 in Polearms
 10284 | D:10     | Noticed Maurice
 10314 | D:10     | Killed Maurice
 10649 | D:10     | Reached skill level 10 in Fighting
 10734 | D:10     | Found a staircase to the Lair.
 10931 | D:10     | Got a sparkling silver ring
 11051 | D:10     | Identified the ring "Geafety" {rElec MR+ Int-3 Dex+8} (You found it on level 10 of the Dungeon)
 11362 | D:10     | Reached **** piety under Beogh
 11689 | D:11     | Reached XP level 12. HP: 99/108 MP: 13/13
 11986 | D:11     | Noticed a two-headed ogre
 11992 | D:11     | Killed a two-headed ogre
 12217 | D:11     | Noticed Psyche
 12224 | D:11     | Killed Psyche
 12389 | D:11     | Noticed Grum
 12396 | D:11     | Killed Grum
 12480 | D:12     | Found Gonkuqu's Weapon Shoppe.
 12481 | D:12     | Found a staircase to the Orcish Mines.
 12583 | D:12     | Found a labyrinth entrance.
 12593 | Lab      | Entered a labyrinth
 13127 | Lab      | Noticed a minotaur
 13142 | Lab      | Killed a minotaur
 13148 | Lab      | Got a shimmering cloak
 13160 | Lab      | Identified the +2 cloak of the Trilobite {rCorr Int+4} (You found it in a labyrinth)
 13294 | D:12     | Noticed Zorot's ghost (journeyman TrMo)
 13945 | D:12     | Bought the +9 trident "Late Gui" {protect, rPois rF+ rC-} for 724 gold pieces
 14152 | D:12     | Noticed a two-headed ogre
 14159 | D:12     | Killed a two-headed ogre
 14500 | Orc:1    | Entered Level 1 of the Orcish Mines
 14559 | Orc:1    | Reached skill level 5 in Shields
 14613 | Orc:1    | Reached ***** piety under Beogh
 14633 | Orc:1    | Found a runed door.
 14737 | Orc:1    | Found a runed door.
 15005 | Orc:1    | Found the +10 large shield of Ignorance {rN+ Int-4}
 15157 | Orc:1    | Noticed a two-headed ogre
 15388 | Orc:1    | Noticed a stone giant
 16026 | Orc:2    | Entered Level 2 of the Orcish Mines
 16050 | Orc:2    | Reached XP level 13. HP: 85/118 MP: 9/14
 16105 | Orc:2    | Found a dark tunnel.
 16120 | Volcano  | Entered a volcano
 16226 | Volcano  | Gained Ugbert as an ally
 16256 | Volcano  | Gained Orgrim as an ally
 16325 | Volcano  | Noticed an ogre mage
 16330 | Volcano  | Killed an ogre mage
 16363 | Volcano  | Found a bloodstained altar of Trog.
 16460 | Orc:2    | Found a staircase to the Elven Halls.
 16700 | Orc:2    | Gained Orbeogh as an ally
 16741 | Orc:2    | Your ally Ugbert died
 16746 | Orc:2    | Your ally Orbeogh died
 16779 | Orc:2    | Gained Warrok as an ally
 16785 | Orc:2    | Reached skill level 10 in Shields
 16786 | Orc:2    | Found Xoschaoxa's Armour Shop.
 16786 | Orc:2    | Found Kugewki's Armour Shop.
 16787 | Orc:2    | Found Tonwymut's Weapon Emporium.
 16787 | Orc:2    | Found Guukh's Book Emporium.
 16857 | Elf:1    | Entered Level 1 of the Elven Halls
 17157 | Lair:1   | Entered Level 1 of the Lair of Beasts
 17519 | Lair:1   | Your ally Orgrim died
 17579 | Lair:1   | Reached ****** piety under Beogh
 17983 | Lair:1   | Noticed Fannar
 18031 | Lair:1   | Killed Fannar
 18235 | Lair:2   | Reached XP level 14. HP: 112/127 MP: 13/15
 18269 | Lair:2   | Gained Gorm as an ally
 18697 | Lair:2   | Found a staircase to the Shoals.
 19686 | Lair:4   | Found a staircase to the Snake Pit.
 20554 | Lair:5   | Noticed Josephine
 20567 | Lair:5   | Killed Josephine
 20935 | Lair:5   | Found a viscous altar of Jiyva.
 20935 | Lair:5   | Found a staircase to the Slime Pits.
 21193 | Lair:6   | Entered Level 6 of the Lair of Beasts
 21754 | Lair:6   | Reached XP level 15. HP: 123/137 MP: 16/16
 22811 | D:13     | Noticed Rupert
 22821 | D:13     | Killed Rupert
 23589 | D:14     | Found a gate to the Vaults.
 23620 | D:14     | Reached skill level 15 in Shields
 24286 | D:15     | Entered Level 15 of the Dungeon
 24340 | D:15     | Gained Bogwald as an ally
 25100 | D:15     | Found a staircase to the Depths.
 25760 | Snake:1  | Entered Level 1 of the Snake Pit
 26031 | Snake:1  | Reached XP level 16. HP: 102/146 MP: 15/17
 26610 | Snake:1  | You fall through a shaft!
 26622 | Snake:2  | Noticed a nagaraja
 26637 | Snake:2  | Killed a nagaraja
 26655 | Snake:2  | Noticed a nagaraja
 26665 | Snake:2  | Killed a nagaraja
 26705 | Snake:2  | Noticed a nagaraja
 26717 | Snake:2  | Killed a nagaraja
 27743 | Snake:3  | Noticed Agnes
 27754 | Snake:3  | Killed Agnes
 27854 | Snake:3  | Noticed a nagaraja
 27866 | Snake:3  | Killed a nagaraja
 27962 | Snake:3  | Your ally Warrok died
 27983 | Snake:3  | Found a radiant altar of Vehumet.
 28206 | Snake:3  | Your ally Gorm died
 28506 | Snake:3  | Noticed Kirke
 28518 | Snake:3  | Noticed a sphinx
 28539 | Snake:3  | Noticed a sphinx
 28544 | Snake:3  | Killed Kirke
 28546 | Snake:3  | Reached XP level 17. HP: 137/154 MP: 18/18
 28773 | Snake:4  | Entered Level 4 of the Snake Pit
 28983 | Snake:4  | Noticed Donald
 28997 | Snake:4  | Killed Donald
 30446 | Snake:4  | HP: 6/154 [black mamba (14)]
 31458 | Snake:4  | Noticed Nikola
 31480 | Snake:4  | Killed Nikola
 31505 | Snake:4  | Reached skill level 10 in Armour
 31524 | Snake:4  | Gained Boderik as an ally
 31702 | Snake:4  | Noticed Aizul
 31713 | Snake:4  | Killed Aizul
 31729 | Snake:4  | Reached skill level 15 in Fighting
 32050 | Snake:4  | Reached XP level 18. HP: 132/163 MP: 19/19
 32538 | Snake:4  | Noticed Vashnia
 32559 | Snake:4  | Killed Vashnia
 32888 | Snake:4  | Got a serpentine rune of Zot
 33256 | Vaults:1 | Entered Level 1 of the Vaults
 33474 | Vaults:1 | Your ally Boderik died
 33546 | Vaults:1 | Found Tiatus's Magic Scroll Shop.
 34261 | Temple   | Fell from the grace of Beogh
 34261 | Temple   | Became a worshipper of Qazlal Stormbringer
 35244 | Vaults:1 | Paralysed by a sphinx for 3 turns
 35808 | Vaults:1 | Found a portal to a secret trove of treasure.
 36452 | Vaults:2 | Reached * piety under Qazlal
 36617 | Vaults:2 | Reached XP level 19. HP: 165/172 MP: 20/20
 37533 | Vaults:2 | Reached ** piety under Qazlal
 37602 | Vaults:2 | Found a staircase to the Crypt.
 38023 | Vaults:2 | Reached *** piety under Qazlal
 39096 | Vaults:3 | Smitten by Beogh

Skill      XL: |  1  2  3  4  5  6  7  8  9 10 11 12 13 14 15 16 17 18 19 |
---------------+----------------------------------------------------------+-----
Fighting       | 4 5 6 7 8 10 12 13 14 15 16 | 16.6
Polearms       | 3 4 6 7 9 11 12 14 15 17 18 19 20 21 | 21.6
Evocations     | 1 |  1.5
Armour         | 4 6 7 8 9 10 11 | 11.4
Dodging        | 1 2 |  2.6
Shields        | 6 11 14 16 18 20 21 | 21.9

Action                   |  1- 3 |  4- 6 |  7- 9 | 10-12 | 13-15 | 16-18 | 19-21 || total
-------------------------+-------+-------+-------+-------+-------+-------+-------++-------
Melee: Trident           |   203 |   300 |   339 |  1209 |   962 |  1756 |   748 ||  5517
       Unarmed           |       |       |       |       |       |     2 |       ||     2
Invok: Convert to Beogh  |       |       |     1 |       |       |       |       ||     1
       Recall Orcish Fol |       |       |       |     2 |    18 |    16 |       ||    36
       Stop Recall       |       |       |       |       |     1 |       |       ||     1
       Give Item to Name |       |       |       |       |       |     1 |       ||     1
Evoke: Wand              |       |     1 |     6 |    14 |    11 |       |       ||    32
  Use: Scroll            |       |     7 |     1 |    13 |     1 |     8 |     3 ||    33
       Potion            |       |       |       |     4 |       |     2 |     2 ||     8
 Stab: Paralysed         |       |       |     3 |    18 |     2 |       |       ||    23
       Invisible         |       |       |       |     2 |       |       |       ||     2
       Distracted        |       |       |       |       |     9 |     9 |       ||    18
       Confused          |       |       |       |       |       |     2 |       ||     2
  Eat: Chunk             |     2 |     8 |     9 |    23 |    47 |    12 |     5 ||   106
       Ration            |       |       |       |     5 |     1 |     7 |     1 ||    14
Armor: Scale mail        |    39 |       |       |       |       |       |       ||    39
       Plate armour      |    77 |   158 |   106 |   285 |     9 |       |       ||   635
       Chain mail        |       |       |       |       |   155 |   231 |    63 ||   449
Dodge: Dodged            |    34 |    36 |    25 |   100 |    73 |   154 |    33 ||   455
Block: Shield            |   104 |   135 |   109 |   210 |       |       |       ||   558
       Large shield      |       |       |       |   142 |  1041 |  1688 |   452 ||  3323
       Reflection        |       |       |       |       |    72 |   103 |    30 ||   205
       Other             |       |       |       |       |       |     1 |       ||     1
